 Dungeon Crawl Stone Soup version 0.24.0-123-gd5b16e6ec5 (webtiles) character file.

Game seed: 17199367291030932234, levelgen mode: deterministic

32 mortelune the Firebug (level 3, 0/19 HPs)
             Began as a Gargoyle Fire Elementalist on Jan 19, 2020.
             Slain by a gnoll (4 damage)
             ... on level 2 of the Dungeon.
             The game lasted 00:02:13 (1781 turns).

mortelune the Firebug (Gargoyle Fire Elementalist)  Turns: 1781, Time: 00:02:14

Health: 0/19       AC:  5    Str: 11    XL:     3   Next: 27%
Magic:  2/6        EV: 12    Int: 16    God:
Gold:   57         SH:  0    Dex: 10    Spells: 3/6 levels left

rFire    . . .     SeeInvis .   e - +0 dagger
rCold    . . .     Gourm    .   (no shield)
rNeg     + . .     Faith    .   a - +0 robe
rPois    ∞         Spirit   .   (no helmet)
rElec    +         Reflect  .   (no cloak)
rCorr    .         Harm     .   (no gloves)
MR       .....                  (no boots)
Stlth    ++........             (no amulet)
HPRegen  0.06/turn              (no ring)
MPRegen  0.10/turn              (no ring)

@: no status effects
A: negative energy resistance 1, electricity resistance, unbreathing,
petrification resistance, rot immunity, AC +3
a: no special abilities


You were on level 2 of the Dungeon.
You were not hungry.

You visited 1 branch of the dungeon, and saw 2 of its levels.

You collected 57 gold pieces.

Inventory:

Hand Weapons
 e - a +0 dagger (weapon)
Missiles
 i - 2 javelins (quivered)
Armour
 a - a +0 robe (worn)
Scrolls
 b - a scroll of blinking {unknown}
 d - 2 scrolls of remove curse {unknown}
 g - 2 scrolls of identify {unknown}
 l - a scroll of immolation {unknown}
Potions
 f - a potion of might {unknown}
 h - a potion of heal wounds {unknown}
 k - a potion of lignification {unknown}


   Skills:
 - Level 1.5 Dodging
 - Level 2.1 Stealth
 + Level 2.3 Spellcasting
 * Level 2.2 Conjurations
 * Level 3.5 Fire Magic


You had 3 spell levels left.
You knew the following spells:

 Your Spells              Type           Power        Failure   Level  Hunger
a - Flame Tongue          Conj/Fire      ##...        6%          1    #......
b - Throw Flame           Conj/Fire      ##....       9%          2    ###....

Your spell library contained the following spells:

 Spells                   Type           Power        Failure   Level  Hunger
 Conjure Flame            Conj/Fire      ##......     19%         3    ###....
 Inner Flame              Hex/Fire       #.......     28%         3    ###....
 Sticky Flame             Conj/Fire      ##......     52%         4    #####..
 Fireball                 Conj/Fire      ##........   86%         5    ######.


Dungeon Overview and Level Annotations

Branches:
Dungeon (2/15)

Altars:


Innate Abilities, Weirdness & Mutations

You are resistant to torment.
Your stone body is resilient. (AC +3)
You are immune to poison.
You resist negative energy. (rN+)
You are resistant to electric shocks. (rElec)
You can survive without breathing.
You are immune to petrification.
You are immune to rotting.


Message History

Aim: a gnoll (almost dead)
The flame tongue hits the gnoll.
You kill the gnoll!
You have reached level 3!
Your experience leads to an increase in your attributes!
Increase (S)trength, (I)ntelligence, or (D)exterity?
You feel clever. The gnoll hits you.
The gnoll throws a throwing net.
The throwing net hits you.
You become entangled in the net!
You see here a throwing net.
You struggle against the net.
You struggle against the net.
The gnoll barely misses you.
You struggle against the net.
The leopard gecko barely misses you.
You shred the net and break free! The leopard gecko barely misses you.
The gnoll barely misses you. The gnoll hits you. The leopard gecko bites you.
* * * LOW HITPOINT WARNING * * *
The gnoll hits you.
You die...

........###.###.....K.#
#####.............gg..g
#..................K..
####....##.####..##.##
#....# # ... .g ##..##
#lg# #.g######
#@....... #########


You could see 2 gnolls and a leopard gecko.

Vanquished Creatures
  A gnoll (D:2)
  An ooze (D:1)
  2 leopard geckos
  2 bats (D:1)
  A giant cockroach (D:1)
  3 goblins (D:1)
  3 frilled lizards
  A kobold (D:1)
  4 rats (D:1)
  A plant (D:1)
19 creatures vanquished.

Notes
Turn   | Place    | Note
-------+----------+-------------------------------------------
     0 | D:1      | mortelune the Gargoyle Fire Elementalist began the quest
                  | for the Orb.
     0 | D:1      | Reached XP level 1. HP: 10/10 MP: 3/3
   434 | D:1      | Reached XP level 2. HP: 13/15 MP: 0/5
   467 | D:1      | Learned a level 2 spell: Throw Flame
  1762 | D:2      | Reached XP level 3. HP: 9/19 MP: 0/6
  1781 | D:2      | Slain by a gnoll

Levels and vault maps discovered:
D:1:      roderic_chinese_lattice_arrival, layout_basic, serial_forest,
          infiniplex_forest_straight_3, infiniplex_forest_end_2,
          infiniplex_forest_straight_2, infiniplex_forest_clump_double,
          infiniplex_forest_lined_3_way, infiniplex_forest_lined_ring,
          infiniplex_forest_corner_1, infiniplex_forest_clump_curved,
          minmay_pentomino_s2
D:2:      minmay_inner_zag, layout_basic, first_ration

Skill      XL: |  1  2 |
---------------+-------+-----
Conjurations   | 2 |  2.2
Dodging        | |  1.5
Stealth        | |  2.1
Spellcasting   | |  2.3
Fire Magic     | |  3.5

Action                   || total
-------------------------++-------
Melee: Dagger            ||   363
 Cast: Flame Tongue      ||    17
       Throw Flame       ||    12
  Eat: Chunk             ||     2
       Ration            ||     1
Armor: Robe              ||     1
Dodge: Dodged            ||     6
